[Event "Slovakia Open Piestany-A 2022"]
[Site "Piestany"]
[Date "2022.07.15"]
[Round "6.12"]
[White "Favaloro, Andrea"]
[Black "Hrbek, Stepan"]
[Result "1/2-1/2"]
[ECO "A33"]
[WhiteElo "2361"]
[BlackElo "2272"]
[Annotator "ChessBase"]
[PlyCount "41"]
[EventDate "2022.07.12"]
[EventType "swiss"]
[EventCountry "SVK"]
[SourceTitle "playchess.com"]
[Source "ChessBase"]
[SourceQuality "1"]
[TimeControl "40/5400+30:1800+30"]

1. Nf3 c5 2. c4 Nc6 3. d4 cxd4 4. Nxd4 Nf6 5. Nc3 e6 6. g3 Qb6 7. Ndb5 Ne5 8. Bg2 a6 9. Na4 Qa5+ 10. Nbc3 Nxc4 11. O-O d5 12. b3 Na3 13. e4 Bb4 14. exd5 O-O 15. Bb2 b5 16. Ne4 Nxe4 17. Bxe4 bxa4 18. Bxh7+ Kxh7 19. Bxg7 Kxg7 20. Qg4+ Kh7 21. Qh5+ 1/2-1/2

[Event "Slovakia Open Piestany-A 2022"]
[Site "Piestany"]
[Date "2022.07.15"]
[Round "6.13"]
[White "Straka, Jozef"]
[Black "Savitha Shri B"]
[Result "1/2-1/2"]
[ECO "E74"]
[WhiteElo "2300"]
[BlackElo "2278"]
[Annotator "ChessBase"]
[PlyCount "80"]
[EventDate "2022.07.12"]
[EventType "swiss"]
[EventCountry "SVK"]
[SourceTitle "playchess.com"]
[Source "ChessBase"]
[SourceQuality "1"]
[TimeControl "40/5400+30:1800+30"]

1. d4 Nf6 2. c4 g6 3. Nc3 Bg7 4. e4 d6 5. Be2 O-O 6. Bg5 Nbd7 7. Qd2 c5 8. d5 a6 9. Nf3 Rb8 10. a4 Ne5 11. Nxe5 dxe5 12. h4 Qb6 13. h5 Bd7 14. h6 Bh8 15. O-O Qd6 16. f4 Ne8 17. f5 Nf6 18. g4 Ne8 19. Be3 Nc7 20. a5 Ne8 21. Rfb1 Qc7 22. b4 cxb4 23. Rxb4 Bf6 24. c5 Kh8 25. Kh1 Bh4 26. Rb6 gxf5 27. exf5 e6 28. d6 Bc6+ 29. Kh2 Qd8 30. Rf1 Nf6 31. fxe6 fxe6 32. Kh3 Nd7 33. Rxf8+ Nxf8 34. g5 Ng6 35. Bd3 Qf8 36. Bxg6 Qf3+ 37. Kxh4 Qh1+ 38. Kg4 Qf3+ 39. Kh4 Qh1+ 40. Kg4 Qf3+ 1/2-1/2

[Event "Slovakia Open Piestany-A 2022"]
[Site "Piestany"]
[Date "2022.07.15"]
[Round "6.14"]
[White "Haring, Filip"]
[Black "Palchuk, Andrii"]
[Result "1-0"]
[ECO "C41"]
[WhiteElo "2451"]
[BlackElo "2248"]
[Annotator "ChessBase"]
[PlyCount "79"]
[EventDate "2022.07.12"]
[EventType "swiss"]
[EventCountry "SVK"]
[SourceTitle "playchess.com"]
[Source "ChessBase"]
[SourceQuality "1"]
[TimeControl "40/5400+30:1800+30"]

1. e4 e5 2. Nf3 d6 3. d4 exd4 4. Nxd4 Nf6 5. Nc3 Be7 6. Be2 O-O 7. O-O Re8 8. Re1 Bf8 9. Bf1 c6 10. f3 a5 11. b3 Nbd7 12. Bb2 Qc7 13. Qd2 b5 14. a3 Bb7 15. Nce2 d5 16. exd5 Nxd5 17. Ng3 Qf4 18. Qxf4 Nxf4 19. Rad1 Rxe1 20. Rxe1 Nc5 21. Ngf5 Nfe6 22. Nxe6 Nxe6 23. Bd3 g6 24. Ne3 h5 25. Nd1 Bc5+ 26. Kf1 Nf4 27. Nf2 f5 28. Bc1 Nxd3 29. Nxd3 Bd6 30. Re6 Bxh2 31. Rxg6+ Kf7 32. Rh6 Bc8 33. f4 Be6 34. Ne5+ Ke7 35. Rxh5 Bg3 36. Rg5 Rg8 37. Nxc6+ Kd7 38. Rxg8 Bxg8 39. Nd4 Bh4 40. Nxf5 1-0

[Event "Slovakia Open Piestany-A 2022"]
[Site "Piestany"]
[Date "2022.07.15"]
[Round "6.15"]
[White "Dixit, Nikhil"]
[Black "Krasenkow, Michal"]
[Result "0-1"]
[ECO "B07"]
[WhiteElo "2325"]
[BlackElo "2569"]
[Annotator "ChessBase"]
[PlyCount "104"]
[EventDate "2022.07.12"]
[EventType "swiss"]
[EventCountry "SVK"]
[SourceTitle "playchess.com"]
[Source "ChessBase"]
[SourceQuality "1"]
[TimeControl "40/5400+30:1800+30"]

1. e4 d6 2. d4 Nf6 3. Nc3 c6 4. Nf3 Bg4 5. h3 Bh5 6. Be3 e6 7. Bd3 Be7 8. Qd2 Bxf3 9. gxf3 Nbd7 10. O-O-O Qa5 11. Kb1 b5 12. Ne2 Qxd2 13. Rxd2 d5 14. exd5 Nxd5 15. c3 N7b6 16. Nf4 Nxf4 17. Bxf4 Nd5 18. Be3 f5 19. Re2 Kf7 20. Rc1 Rhd8 21. a3 Rab8 22. b4 a5 23. Kb2 Ra8 24. Bb1 Ra6 25. Ba2 Rda8 26. Bb3 h6 27. Bd2 axb4 28. axb4 Bg5 29. Rce1 Bxd2 30. Rxd2 Nf4 31. h4 Kf6 32. Rdd1 Re8 33. Kc2 Raa8 34. Rh1 Rh8 35. h5 g6 36. hxg6 h5 37. g7 Kxg7 38. Rh4 Ng6 39. Rh2 Kf6 40. Kd2 h4 41. Re1 Nf4 42. Ke3 e5 43. Kd2 exd4 44. cxd4 Rad8 45. Kc3 h3 46. Re5 Rd6 47. Bc2 Rd5 48. Re1 Rg8 49. Bb3 Rg2 50. Rxg2 hxg2 51. Bxd5 cxd5 52. Rg1 Ne2+ 0-1

[Event "Slovakia Open Piestany-A 2022"]
[Site "Piestany"]
[Date "2022.07.15"]
[Round "6.16"]
[White "Bochnicka, Vladimir"]
[Black "Marek, Matyas"]
[Result "1/2-1/2"]
[ECO "C07"]
[WhiteElo "2295"]
[BlackElo "2354"]
[Annotator "ChessBase"]
[PlyCount "38"]
[EventDate "2022.07.12"]
[EventType "swiss"]
[EventCountry "SVK"]
[SourceTitle "playchess.com"]
[Source "ChessBase"]
[SourceQuality "1"]
[TimeControl "40/5400+30:1800+30"]

1. e4 e6 2. d4 d5 3. Nd2 c5 4. exd5 Qxd5 5. Ngf3 cxd4 6. Bc4 Qd6 7. O-O Nf6 8. Nb3 Nc6 9. Nbxd4 Nxd4 10. Nxd4 a6 11. Re1 Qc7 12. Bd3 Bc5 13. c3 Bd7 14. Qf3 Bxd4 15. cxd4 Bc6 16. Qf4 Qxf4 17. Bxf4 Nd5 18. Be5 f6 19. Bd6 Kf7 1/2-1/2

[Event "Slovakia Open Piestany-A 2022"]
[Site "Piestany"]
[Date "2022.07.15"]
[Round "6.17"]
[White "Farkas, Gabor"]
[Black "Turcan, Richard"]
[Result "0-1"]
[ECO "B06"]
[WhiteElo "2335"]
[BlackElo "2304"]
[Annotator "ChessBase"]
[PlyCount "103"]
[EventDate "2022.07.12"]
[EventType "swiss"]
[EventCountry "SVK"]
[SourceTitle "playchess.com"]
[Source "ChessBase"]
[SourceQuality "1"]
[TimeControl "40/5400+30:1800+30"]

1. e4 c5 2. c3 d5 3. exd5 Qxd5 4. d4 g6 5. Nf3 Bg7 6. Be3 Nh6 7. Na3 Nf5 8. Bc4 Nxe3 9. Bxd5 Nxd1 10. Rxd1 Nd7 11. O-O Nf6 12. dxc5 Nxd5 13. Rxd5 Be6 14. Rd2 Bh6 15. Re2 Bxa2 16. c4 Bb3 17. Nd4 Ba4 18. Nab5 Kd7 19. Rfe1 Rhe8 20. Nc3 Bc6 21. Rd1 Kc8 22. b4 Bg7 23. b5 Bd7 24. Nd5 e6 25. Nb4 Rd8 26. Nb3 Kc7 27. Rc1 Be8 28. Ra2 Bc3 29. Nc2 Rd3 30. Ne3 Bb4 31. Rb1 a5 32. bxa6 Rxa6 33. Rxa6 bxa6 34. Nc1 Rxe3 35. fxe3 Bxc5 36. Kf2 a5 37. Nd3 Be7 38. c5 a4 39. Ke2 Bf6 40. e4 Bd4 41. Rb4 a3 42. Nc1 Bxc5 43. Rb3 Kd6 44. Kd2 Bc6 45. Kd3 f5 46. exf5 gxf5 47. g3 e5 48. Rb8 e4+ 49. Ke2 Bd5 50. Rh8 a2 51. Rd8+ Ke6 52. Rxd5 0-1

[Event "Slovakia Open Piestany-A 2022"]
[Site "Piestany"]
[Date "2022.07.15"]
[Round "6.18"]
[White "Mullick, Raahil"]
[Black "Pniaczek, Marek"]
[Result "1-0"]
[ECO "C92"]
[WhiteElo "2237"]
[BlackElo "2312"]
[Annotator "ChessBase"]
[PlyCount "111"]
[EventDate "2022.07.12"]
[EventType "swiss"]
[EventCountry "SVK"]
[SourceTitle "playchess.com"]
[Source "ChessBase"]
[SourceQuality "1"]
[TimeControl "40/5400+30:1800+30"]

1. e4 e5 2. Nf3 Nc6 3. Bb5 a6 4. Ba4 Nf6 5. O-O Be7 6. Re1 b5 7. Bb3 d6 8. c3 O-O 9. h3 Bb7 10. d4 Nd7 11. Nbd2 exd4 12. cxd4 Re8 13. Nf1 Na5 14. Bc2 Bf6 15. Bf4 Nf8 16. Ng3 Ne6 17. Bd2 c5 18. d5 Nd4 19. Nxd4 Bxd4 20. b3 Bc8 21. Qf3 Bxa1 22. Rxa1 Ra7 23. Nh5 f6 24. Qg3 Rf7 25. Bc3 Kf8 26. Re1 b4 27. Bb2 c4 28. Bd4 cxb3 29. axb3 Nb7 30. Qh4 Nc5 31. Nf4 Kg8 32. Qg3 Qe7 33. h4 Nd7 34. h5 Ne5 35. h6 Ng4 36. hxg7 Rxg7 37. Nh5 Rg6 38. f4 Kf7 39. f5 Rgg8 40. Rf1 Ne5 41. Qh3 Qf8 42. Bd1 Ke7 43. Bf2 Nf7 44. Qe3 Qh6 45. Qa7+ Bd7 46. Be3 Rg5 47. Rf2 Reg8 48. Bf4 Qf8 49. Nxf6 Kxf6 50. Qxd7 Qe7 51. Qe6+ Qxe6 52. fxe6 Ne5 53. Bxg5+ Kxg5 54. Rf5+ Kg6 55. Bh5+ Kg7 56. Rxe5 1-0

[Event "Slovakia Open Piestany-A 2022"]
[Site "Piestany"]
[Date "2022.07.15"]
[Round "6.19"]
[White "Matras, Ondrej"]
[Black "Leszko, Bence"]
[Result "1/2-1/2"]
[ECO "D40"]
[WhiteElo "2229"]
[BlackElo "2241"]
[Annotator "ChessBase"]
[PlyCount "208"]
[EventDate "2022.07.12"]
[EventType "swiss"]
[EventCountry "SVK"]
[SourceTitle "playchess.com"]
[Source "ChessBase"]
[SourceQuality "1"]
[TimeControl "40/5400+30:1800+30"]

1. d4 d5 2. c4 e6 3. Nc3 c5 4. e3 Nf6 5. Nf3 Nc6 6. a3 dxc4 7. Bxc4 a6 8. O-O b5 9. Ba2 Bb7 10. Qe2 cxd4 11. Rd1 b4 12. axb4 Nxb4 13. Bb3 d3 14. Ba4+ Bc6 15. Bxc6+ Nxc6 16. Rxd3 Qb6 17. e4 Be7 18. e5 Nd7 19. Be3 Qc7 20. Nb5 Qb8 21. Nd6+ Bxd6 22. exd6 O-O 23. Bf4 Qb5 24. Rd2 Qxe2 25. Rxe2 Nb4 26. Ne5 Nxe5 27. Bxe5 Rfd8 28. h4 Nd5 29. Rc2 f6 30. Bg3 e5 31. Rc6 Nb4 32. Rb6 Rab8 33. Rxb8 Rxb8 34. Rd1 Kf7 35. f4 Ke6 36. fxe5 fxe5 37. h5 Rd8 38. d7 Nc6 39. Ra1 a5 40. Rc1 Kxd7 41. Rc5 Kd6 42. Rb5 a4 43. Kf2 Ke6 44. Rc5 Kd6 45. Rc4 Ra8 46. Rg4 Ra7 47. Ke3 Ke6 48. Be1 Ne7 49. Ke4 a3 50. bxa3 Rxa3 51. Bb4 Ra4 52. Kf3 Nf5 53. Bf8 Ra7 54. Bc5 Rc7 55. Bf2 Rc3+ 56. Ke2 Rc2+ 57. Kf1 Rc1+ 58. Ke2 Rh1 59. Ra4 Rc1 60. g4 Rc2+ 61. Kf3 Rc3+ 62. Ke2 Ne7 63. Ra7 Rc2+ 64. Kf1 Rc4 65. Bh4 Nd5 66. Rxg7 Rxg4 67. Rxg4 Ne3+ 68. Kf2 Nxg4+ 69. Kf3 Kf5 70. Be7 h6 71. Kg3 Nf6 72. Kh4 Ng8 73. Bb4 Nf6 74. Bd2 Ng4 75. Kg3 e4 76. Bc1 Nf6 77. Bxh6 Nxh5+ 78. Kf2 Ke5 79. Be3 Kd5 80. Bb6 Ng7 81. Ke2 Nf5 82. Ba7 Nd6 83. Bb6 Nb5 84. Ke3 Na3 85. Ba7 Nb1 86. Bd4 Na3 87. Ba7 Nc4+ 88. Ke2 Ne5 89. Ke3 Nf7 90. Bb6 Nh8 91. Ba7 Ng6 92. Bb6 Ke5 93. Bc7+ Kf5 94. Bd6 Nh4 95. Bb8 Nf3 96. Bc7 Ne1 97. Bb8 Nd3 98. Bc7 Nb2 99. Bb8 Na4 100. Bc7 Nc3 101. Bb8 Nd5+ 102. Kd4 Nb4 103. Ke3 Na6 104. Bd6 Ke6 1/2-1/2

[Event "Slovakia Open Piestany-A 2022"]
[Site "Piestany"]
[Date "2022.07.15"]
[Round "6.20"]
[White "Nadzamova, Viktoria"]
[Black "Aradhya, Garg"]
[Result "0-1"]
[ECO "D11"]
[WhiteElo "2133"]
[BlackElo "2229"]
[Annotator "ChessBase"]
[PlyCount "84"]
[EventDate "2022.07.12"]
[EventType "swiss"]
[EventCountry "SVK"]
[SourceTitle "playchess.com"]
[Source "ChessBase"]
[SourceQuality "1"]
[TimeControl "40/5400+30:1800+30"]

1. d4 d5 2. Nf3 Nf6 3. g3 Bf5 4. Bg2 e6 5. O-O Be7 6. c4 O-O 7. Nc3 c6 8. Nh4 Bg4 9. h3 Bh5 10. g4 Nfd7 11. gxh5 Bxh4 12. e4 dxc4 13. Qe2 e5 14. Be3 Bg5 15. Rad1 Bxe3 16. Qxe3 Qe7 17. Ne2 Na6 18. f4 exf4 19. Qxf4 f5 20. e5 Nc7 21. Ng3 g6 22. hxg6 hxg6 23. Ne2 Ne6 24. Qc1 Nb6 25. Nf4 Qf7 26. h4 Rad8 27. Nxe6 Qxe6 28. h5 Rd7 29. Qg5 Rg7 30. h6 Rgf7 31. Bh3 Kh7 32. Rd2 Qe7 33. Qg3 f4 34. Qf3 Nd5 35. Rh2 Ne3 36. Rff2 Qg5+ 37. Kh1 Qh5 38. Bg2 Qxf3 39. Rxf3 g5 40. Rf2 f3 41. e6 fxg2+ 42. Rhxg2 Rxf2 0-1

[Event "Slovakia Open Piestany-A 2022"]
[Site "Piestany"]
[Date "2022.07.15"]
[Round "6.21"]
[White "Warchol, Kamil"]
[Black "Zvarik, Martin"]
[Result "1/2-1/2"]
[ECO "D02"]
[WhiteElo "2121"]
[BlackElo "2213"]
[Annotator "ChessBase"]
[PlyCount "66"]
[EventDate "2022.07.12"]
[EventType "swiss"]
[EventCountry "SVK"]
[SourceTitle "playchess.com"]
[Source "ChessBase"]
[SourceQuality "1"]
[TimeControl "40/5400+30:1800+30"]

1. Nf3 d5 2. e3 Bg4 3. d4 Nd7 4. Be2 c6 5. Nbd2 e6 6. c4 Bd6 7. e4 dxe4 8. Nxe4 Bc7 9. Qb3 Rb8 10. Be3 Ne7 11. O-O-O b5 12. cxb5 O-O 13. Nc3 a6 14. h3 Bxf3 15. Bxf3 axb5 16. Bg5 Rb6 17. Rhe1 Nf6 18. Ne4 Nxe4 19. Bxe4 h6 20. Bxe7 Qxe7 21. Kb1 Rd8 22. Rc1 Rxd4 23. Bxc6 Bf4 24. Rc2 Qd6 25. Bf3 Rb8 26. Rc6 Qd7 27. g3 Bd2 28. Rd1 b4 29. Qc2 Rd8 30. Rc7 Qb5 31. Rc8 Qe8 32. Rxd8 Qxd8 33. h4 Qd7 1/2-1/2

[Event "Slovakia Open Piestany-A 2022"]
[Site "Piestany"]
[Date "2022.07.15"]
[Round "6.22"]
[White "Brhel, Jan"]
[Black "Delgerdalai, Bayarjavkhlan"]
[Result "1/2-1/2"]
[ECO "D33"]
[WhiteElo "2018"]
[BlackElo "2209"]
[Annotator "ChessBase"]
[PlyCount "43"]
[EventDate "2022.07.12"]
[EventType "swiss"]
[EventCountry "SVK"]
[SourceTitle "playchess.com"]
[Source "ChessBase"]
[SourceQuality "1"]
[TimeControl "40/5400+30:1800+30"]

1. Nf3 d5 2. d4 Nf6 3. c4 e6 4. Nc3 c5 5. cxd5 exd5 6. g3 Nc6 7. Bg2 cxd4 8. Nxd4 Bc5 9. e3 O-O 10. O-O Re8 11. a3 Bg4 12. Nxc6 bxc6 13. Qa4 Qd7 14. b4 Bb6 15. b5 cxb5 16. Qxb5 Qxb5 17. Nxb5 Be2 18. Nd6 Re6 19. Re1 Ba6 20. Nf5 Re5 21. Nh4 Re6 22. Bb2 1/2-1/2

[Event "Slovakia Open Piestany-A 2022"]
[Site "Piestany"]
[Date "2022.07.15"]
[Round "6.23"]
[White "Walter, Ema"]
[Black "Michelle Catherina, P."]
[Result "1/2-1/2"]
[ECO "B12"]
[WhiteElo "2000"]
[BlackElo "2141"]
[Annotator "ChessBase"]
[PlyCount "72"]
[EventDate "2022.07.12"]
[EventType "swiss"]
[EventCountry "SVK"]
[SourceTitle "playchess.com"]
[Source "ChessBase"]
[SourceQuality "1"]
[TimeControl "40/5400+30:1800+30"]

1. e4 c6 2. d4 d5 3. f3 dxe4 4. fxe4 e5 5. Nf3 Bg4 6. c3 Nd7 7. Be2 Bd6 8. O-O Ngf6 9. Nbd2 b5 10. h3 Bh5 11. Nh4 Bg6 12. Bf3 O-O 13. c4 exd4 14. cxb5 Ne5 15. Nxg6 hxg6 16. bxc6 Rc8 17. Nb3 Rxc6 18. Bf4 d3 19. Kh1 Qe7 20. Rc1 Rxc1 21. Qxc1 Nxf3 22. Rxf3 Nxe4 23. Qe3 Rd8 24. Bxd6 Rxd6 25. Nd2 f5 26. Rf4 Rd7 27. Nxe4 d2 28. Qb3+ Kh7 29. Nf2 d1=Q+ 30. Nxd1 Qe1+ 31. Kh2 Rxd1 32. Rh4+ Qxh4 33. Qxd1 Qf2 34. Qb3 f4 35. Qc3 Kh6 36. a3 g5 1/2-1/2

[Event "Slovakia Open Piestany-A 2022"]
[Site "Piestany"]
[Date "2022.07.15"]
[Round "6.24"]
[White "Travnicek, Krystof Mikulas"]
[Black "Mizicka, Matus"]
[Result "1-0"]
[ECO "B01"]
[WhiteElo "2138"]
[BlackElo "1915"]
[Annotator "ChessBase"]
[PlyCount "109"]
[EventDate "2022.07.12"]
[EventType "swiss"]
[EventCountry "SVK"]
[SourceTitle "playchess.com"]
[Source "ChessBase"]
[SourceQuality "1"]
[TimeControl "40/5400+30:1800+30"]

1. e4 d5 2. exd5 Nf6 3. Bb5+ Bd7 4. Bc4 b5 5. Bb3 Bg4 6. f3 Bf5 7. Ne2 Nxd5 8. Nd4 e6 9. Nxf5 exf5 10. Qe2+ Be7 11. Bxd5 Qxd5 12. Nc3 Qd7 13. Qxb5 c6 14. Qc4 O-O 15. O-O Bd6 16. d3 Qc7 17. Qh4 Nd7 18. Be3 Rab8 19. Rab1 Rb4 20. Qh3 Re8 21. Bf2 Re6 22. g3 Rh6 23. Qxf5 g6 24. Qg5 Rh5 25. Qe3 Ne5 26. Ne4 Be7 27. c3 Rxe4 28. Qxe4 Qd7 29. Bd4 Qh3 30. Rf2 Bd6 31. Bxe5 Rxe5 32. Qxc6 Re6 33. f4 Kg7 34. Qg2 Qf5 35. Rd1 Re3 36. d4 h5 37. Re2 Qg4 38. Rxe3 Qxd1+ 39. Qf1 Qg4 40. Qf3 Qf5 41. Qe4 Qb5 42. Qc2 h4 43. c4 Qh5 44. Qe2 Qf5 45. c5 Bb8 46. Qd3 Qg4 47. d5 hxg3 48. hxg3 g5 49. d6 gxf4 50. Qd4+ Kg6 51. Qxf4 Qd1+ 52. Qf1 Qg4 53. Qd3+ Kh6 54. Re4 Qg5 55. Qe3 1-0

[Event "Slovakia Open Piestany-A 2022"]
[Site "Piestany"]
[Date "2022.07.15"]
[Round "6.25"]
[White "Tripodi, Enzo"]
[Black "Holly, Andrej"]
[Result "0-1"]
[ECO "B20"]
[WhiteElo "2141"]
[BlackElo "2213"]
[Annotator "ChessBase"]
[PlyCount "74"]
[EventDate "2022.07.12"]
[EventType "swiss"]
[EventCountry "SVK"]
[SourceTitle "playchess.com"]
[Source "ChessBase"]
[SourceQuality "1"]
[TimeControl "40/5400+30:1800+30"]

1. e4 c5 2. b3 e5 3. Bb2 Nc6 4. Bc4 d6 5. Nc3 g6 6. Nge2 Bg7 7. O-O Nge7 8. f4 O-O 9. Nd5 a6 10. a4 Rb8 11. Nec3 exf4 12. Rxf4 b5 13. axb5 axb5 14. Nxe7+ Nxe7 15. Be2 Be5 16. Qf1 Nc6 17. Bxb5 Nd4 18. Bc4 Bxf4 19. Qxf4 Be6 20. Nd5 Bxd5 21. Bxd4 cxd4 22. Bxd5 Qe7 23. Rf1 Kg7 24. g4 Rbc8 25. Bc4 Rc5 26. Rf3 h5 27. Rd3 hxg4 28. Rxd4 Re5 29. Bd3 Rh8 30. Rd5 Rxd5 31. exd5 Rh5 32. c4 Rh3 33. Qd4+ Kh7 34. Kg2 Qh4 35. Qf4 Rf3 36. Qxd6 Qf2+ 37. Kh1 Rxd3 0-1

[Event "Slovakia Open Piestany-A 2022"]
[Site "Piestany"]
[Date "2022.07.15"]
[Round "6.26"]
[White "Gyerpal, Adrian"]
[Black "Compel, Daniel"]
[Result "1/2-1/2"]
[ECO "B51"]
[WhiteElo "2193"]
[BlackElo "2098"]
[Annotator "ChessBase"]
[PlyCount "59"]
[EventDate "2022.07.12"]
[EventType "swiss"]
[EventCountry "SVK"]
[SourceTitle "playchess.com"]
[Source "ChessBase"]
[SourceQuality "1"]
[TimeControl "40/5400+30:1800+30"]

1. e4 c5 2. Nf3 d6 3. Bb5+ Nd7 4. d4 cxd4 5. Qxd4 Ngf6 6. Nc3 a6 7. Bxd7+ Bxd7 8. Bg5 e6 9. O-O-O Be7 10. e5 dxe5 11. Nxe5 Bc6 12. Nxc6 bxc6 13. Bxf6 Bxf6 14. Qc5 Qc7 15. Ne4 Qf4+ 16. Qe3 Qxe3+ 17. fxe3 Be5 18. Nd6+ Ke7 19. Nc4 Bc7 20. Rd3 Rhd8 21. h3 Rd5 22. Rhd1 Rad8 23. R1d2 Rf5 24. Rxd8 Bxd8 25. Kd1 Rd5 26. Ke2 Rxd2+ 27. Kxd2 Bc7 28. Kc3 e5 29. a4 f5 30. Kd3 1/2-1/2

[Event "Slovakia Open Piestany-A 2022"]
[Site "Piestany"]
[Date "2022.07.15"]
[Round "6.27"]
[White "Balint, Peter"]
[Black "Skreko, Igor"]
[Result "1/2-1/2"]
[ECO "B90"]
[WhiteElo "2051"]
[BlackElo "2193"]
[Annotator "ChessBase"]
[PlyCount "97"]
[EventDate "2022.07.12"]
[EventType "swiss"]
[EventCountry "SVK"]
[SourceTitle "playchess.com"]
[Source "ChessBase"]
[SourceQuality "1"]
[TimeControl "40/5400+30:1800+30"]

1. e4 c5 2. Nf3 d6 3. d4 cxd4 4. Nxd4 Nf6 5. Nc3 a6 6. Qd3 e5 7. Nf5 Bxf5 8. exf5 e4 9. Qg3 Nbd7 10. Be2 Qa5 11. O-O Qxf5 12. f3 Qc5+ 13. Kh1 d5 14. fxe4 dxe4 15. Be3 Qc6 16. Rf5 g6 17. Rff1 Bg7 18. Rad1 O-O 19. Rd6 Qc8 20. Bg5 Ne8 21. Nd5 Kh8 22. Rxd7 Qxd7 23. Nb6 Qc6 24. Nxa8 b5 25. Be7 Rg8 26. Rxf7 Qxa8 27. c4 Qc6 28. cxb5 axb5 29. Qf4 Bxb2 30. h4 Ng7 31. h5 gxh5 32. Rf8 Qc1+ 33. Qxc1 Bxc1 34. Rxg8+ Kxg8 35. Bxb5 Nf5 36. Bb4 e3 37. Bd3 Ng3+ 38. Kh2 h4 39. Be1 Nh5 40. Kg1 Nf4 41. Bc4+ Kf8 42. Kf1 h3 43. gxh3 Nxh3 44. a4 Ba3 45. a5 Bc5 46. Bg3 Ng5 47. Bd5 Ba7 48. Bc7 Ke7 49. Bb6 1/2-1/2

[Event "Slovakia Open Piestany-A 2022"]
[Site "Piestany"]
[Date "2022.07.15"]
[Round "6.28"]
[White "Drtina, Milan"]
[Black "Paluska, Karol"]
[Result "1-0"]
[ECO "B15"]
[WhiteElo "2167"]
[BlackElo "1957"]
[Annotator "ChessBase"]
[PlyCount "79"]
[EventDate "2022.07.12"]
[EventType "swiss"]
[EventCountry "SVK"]
[SourceTitle "playchess.com"]
[Source "ChessBase"]
[SourceQuality "1"]
[TimeControl "40/5400+30:1800+30"]

1. e4 c6 2. d4 d5 3. Nd2 dxe4 4. Nxe4 Nf6 5. Nxf6+ exf6 6. Nf3 Bd6 7. Bd3 O-O 8. O-O Re8 9. h3 Be6 10. c4 Nd7 11. d5 cxd5 12. cxd5 Bxd5 13. Bxh7+ Kxh7 14. Qxd5 Ne5 15. Nxe5 Bxe5 16. Qxb7 Rb8 17. Qxa7 Bd4 18. Qxf7 Qa5 19. Bf4 Rf8 20. Qc4 Be5 21. Qe4+ Kg8 22. Bxe5 fxe5 23. b3 Rf4 24. Qe3 Rbf8 25. a3 e4 26. b4 Qf5 27. Rae1 Rf6 28. a4 Rg6 29. Kh2 Rh6 30. f3 Qe5 31. Kg1 g5 32. fxe4 Rhf6 33. Rxf4 gxf4 34. Qc5 Qb2 35. e5 Rg6 36. Qd5+ Kh7 37. Qe4 Qd2 38. Re2 Qc1+ 39. Kh2 f3 40. Qxf3 1-0

[Event "Slovakia Open Piestany-A 2022"]
[Site "Piestany"]
[Date "2022.07.15"]
[Round "6.29"]
[White "Pennica, Andrea"]
[Black "Soham Datar"]
[Result "0-1"]
[ECO "B20"]
[WhiteElo "1986"]
[BlackElo "2111"]
[Annotator "ChessBase"]
[PlyCount "40"]
[EventDate "2022.07.12"]
[EventType "swiss"]
[EventCountry "SVK"]
[SourceTitle "playchess.com"]
[Source "ChessBase"]
[SourceQuality "1"]
[TimeControl "40/5400+30:1800+30"]

1. e4 c5 2. a3 e6 3. b4 d5 4. e5 Nc6 5. Nf3 d4 6. bxc5 Bxc5 7. Bd3 Qc7 8. O-O Nge7 9. Bb2 Ng6 10. Re1 Ngxe5 11. Nxe5 Nxe5 12. Bb5+ Bd7 13. Bxd7+ Nxd7 14. Qg4 Qb6 15. Qxg7 O-O-O 16. Ra2 e5 17. d3 Qe6 18. Nd2 Rdg8 19. Qxh8 Rxh8 20. Raa1 Qd5 0-1

[Event "Slovakia Open Piestany-A 2022"]
[Site "Piestany"]
[Date "2022.07.15"]
[Round "6.30"]
[White "Sosovickova, Jana"]
[Black "Chlpik, Martin"]
[Result "0-1"]
[ECO "B90"]
[WhiteElo "1958"]
[BlackElo "2236"]
[Annotator "ChessBase"]
[PlyCount "80"]
[EventDate "2022.07.12"]
[EventType "swiss"]
[EventCountry "SVK"]
[SourceTitle "playchess.com"]
[Source "ChessBase"]
[SourceQuality "1"]
[TimeControl "40/5400+30:1800+30"]

1. e4 c5 2. Nf3 d6 3. d4 cxd4 4. Nxd4 Nf6 5. Nc3 a6 6. Bd3 g6 7. O-O Bg7 8. a4 O-O 9. Kh1 Nc6 10. Nxc6 bxc6 11. f4 Nd7 12. Ra3 Rb8 13. Qe2 Nc5 14. Nd1 Rb4 15. c3 Rb3 16. Ra2 a5 17. Be3 Nxd3 18. Qxd3 c5 19. Qc2 Qb6 20. Nf2 Ba6 21. Rfa1 Bc4 22. g4 Rb8 23. Bc1 f5 24. exf5 gxf5 25. Qxf5 e6 26. Qc2 Bd5+ 27. Kg1 Ba8 28. Qd3 Qc6 29. Qh3 Bd4 30. Kf1 Bxf2 31. Kxf2 Qe4 32. g5 Qc2+ 33. Kg3 Bd5 34. Be3 Rxb2 35. Rxb2 Rxb2 36. Rg1 Qxc3 37. Kh4 Re2 38. Rg3 Qc2 39. Bg1 Qxa4 40. Qg4 Qe4 0-1

[Event "Slovakia Open Piestany-A 2022"]
[Site "Piestany"]
[Date "2022.07.15"]
[Round "6.31"]
[White "Zdrazil, Patrik"]
[Black "Sevcikova, Lucia"]
[Result "1/2-1/2"]
[ECO "A08"]
[WhiteElo "2103"]
[BlackElo "2036"]
[Annotator "ChessBase"]
[PlyCount "26"]
[EventDate "2022.07.12"]
[EventType "swiss"]
[EventCountry "SVK"]
[SourceTitle "playchess.com"]
[Source "ChessBase"]
[SourceQuality "1"]
[TimeControl "40/5400+30:1800+30"]

1. Nf3 d5 2. g3 c5 3. Bg2 Nc6 4. O-O e5 5. d3 Nf6 6. e4 d4 7. a4 h6 8. Na3 Be6 9. Nc4 Qc7 10. Nh4 Bxc4 11. dxc4 O-O-O 12. Bd2 g6 13. Qe2 Be7 1/2-1/2

[Event "Slovakia Open Piestany-A 2022"]
[Site "Piestany"]
[Date "2022.07.16"]
[Round "7.1"]
[White "Schitco, Ivan"]
[Black "Omelja, Artem"]
[Result "1-0"]
[ECO "A17"]
[WhiteElo "2490"]
[BlackElo "2478"]
[Annotator "ChessBase"]
[PlyCount "133"]
[EventDate "2022.07.12"]
[EventType "swiss"]
[EventCountry "SVK"]
[SourceTitle "playchess.com"]
[Source "ChessBase"]
[SourceQuality "1"]
[TimeControl "40/5400+30:1800+30"]

1. c4 e6 2. Nc3 d5 3. e3 Nf6 4. Nf3 dxc4 5. Bxc4 a6 6. O-O c5 7. b3 Nc6 8. Bb2 Be7 9. Qc2 O-O 10. Rad1 Bd7 11. Qb1 Qc7 12. Bd3 Rad8 13. Qa1 Bc8 14. Bb1 Ne8 15. Ne4 f5 16. Ng3 Bd6 17. e4 g6 18. d4 cxd4 19. exf5 exf5 20. Bd3 Be7 21. Bc4+ Kg7 22. Ne2 Bf6 23. Nexd4 Nxd4 24. Nxd4 Kh8 25. Nf3 b5 26. Bd5 Bxb2 27. Qxb2+ Nf6 28. Ne5 Kg7 29. Rc1 Qd6 30. Ba8 Rfe8 31. f4 Bb7 32. Bxb7 Qb6+ 33. Kh1 Qxb7 34. h3 Kg8 35. Nxg6 Re6 36. Rfe1 Red6 37. Ne7+ Kf7 38. Qe5 Qd7 39. Nxf5 Rd5 40. Qe7+ Qxe7 41. Nxe7 Rd2 42. Nc6 Re8 43. Ne5+ Kg8 44. Re3 Rxa2 45. Rg3+ Kf8 46. Rc7 Re7 47. Rc6 Ne8 48. Rg5 a5 49. Rf5+ Kg7 50. Rc3 Kg8 51. Rg5+ Kf8 52. Rf5+ Kg8 53. Ng4 Re6 54. Rc8 Kg7 55. Rxb5 Re1+ 56. Kh2 Ree2 57. Rg5+ Kf7 58. Ne5+ Ke7 59. Ra8 Rf2 60. Nc4 a4 61. Ne3 Nd6 62. bxa4 Rae2 63. Ra7+ Kf8 64. Rd5 Ne8 65. Rf5+ Kg8 66. Re5 Nf6 67. Rg5+ 1-0